 Dungeon Crawl Stone Soup version 0.14-a0-770-g009d3a2 (webtiles) character file.

357 LostMyPasswordAgain the Cudgeler (level 5, 0/37 HPs)
             Began as a Formicid Fighter on Nov 9, 2013.
             Slain by a green rat (4 damage)
             ... in a sewer.
             The game lasted 00:12:59 (2737 turns).

LostMyPasswordAgain the Cudgeler (Formicid Fighter) Turns: 2737, Time: 00:13:00

HP   0/37        AC  7     Str 22      XL: 5   Next: 61%
MP   4/4         EV 11     Int  7      God:
Gold 204         SH 21     Dex 15      Spells:  0 memorised,  4 levels left

Res.Fire  : . . .   See Invis. : .   e - +1,+0 whip (venom)
Res.Cold  : . . .   Warding    : .   b - +0 scale mail
Life Prot.: . . .   Conserve   : .   l - +1 dwarf shield
Res.Poison: x       Res.Corr.  : .   (helmet restricted)
Res.Elec. : .       Clarity    : .   (no cloak)
Sust.Abil.: . .     Spirit.Shd : .   (no gloves)
Res.Mut.  : .       Stasis     : +   (no boots)
Res.Rott. : .       Flight     : .   (no amulet)
Saprovore : . . .                    (no ring)
                                     (no ring)

@: agile, slightly resistant to hostile enchantments, very unstealthy
A: permanent stasis, dig shafts and tunnels, four strong arms, poison weakness,
antennae 1, exoskeleton 1
a: Dig, Shaft Self


You were in a sewer.
You were not hungry.

You visited 1 branch of the dungeon, and saw 3 of its levels.
You also visited: Sewer.

You collected 204 gold pieces.

Inventory:

Hand weapons
 a - a +0,+0 mace
 e - a +1,+0 whip of venom (weapon)
Armour
 b - a +0 scale mail (worn)
 l - a +1 dwarven shield (worn)
Comestibles
 d - a bread ration
 h - a rotting chunk of hobgoblin flesh
 p - a choko
 s - a rotting chunk of giant gecko flesh
 t - an apple
 w - 2 chunks of orc flesh
 x - a chunk of grey rat flesh
 z - a chunk of giant cockroach flesh
Scrolls
 c - 3 scrolls of remove curse {unknown}
 f - 2 scrolls of curse jewellery {unknown}
 g - a scroll of amnesia {unknown}
 i - 2 scrolls of blinking {unknown}
 k - a scroll of enchant weapon II {unknown}
 m - 3 scrolls of identify {unknown}
 o - a scroll of fog {unknown}
 q - a scroll of curse weapon {unknown}
 r - a scroll of fear {unknown}
 y - a scroll of curse armour {unknown}
Potions
 n - 4 potions of curing
 u - a potion of degeneration {unknown}
 v - a potion of paralysis {unknown}


   Skills:
 - Level 3.0 Fighting
 * Level 5.4 Maces & Flails
 - Level 3.6 Armour
 - Level 3.0 Shields


You had 4 spell levels left.
You didn't know any spells.

Dungeon Overview and Level Annotations

Branches:
Dungeon (3/27)

Altars:


Innate Abilities, Weirdness & Mutations

Your are under a permanent stasis effect.
You can dig through walls and to a lower floor.
Your four strong arms can wield any weapon, most with a shield.
You are susceptible to poison.
You have a pair of small antennae on your head.
Your body is surrounded by an exoskeleton. (HP +5, AC +1)


Message History

The green rat is moderately wounded.
You block the green rat's attack.
You hit the green rat.
The green rat looks even sicker.
The green rat is almost dead.
You kill the green rat!
You block the green rat's attack.
You see here a green rat corpse.
You closely miss the green rat. The green rat bites you.
* * * LOW HITPOINT WARNING * * *
You barely miss the green rat. The green rat bites you!
* * * LOW HITPOINT WARNING * * *
Drink which item? (? for menu, Esc to quit)
You feel more agile all of a sudden.
It was a potion of agility.
The green rat barely misses you.
You hit the green rat but do no damage.
The green rat is poisoned.
The green rat misses you.
You hit the green rat.
The green rat looks even sicker.
The green rat is severely wounded.
The green rat bites you.
You die...

###
#@#
#r#
#r#
#r#
#∩#
#.#
#∩#
#.#
#.#


You could see a green rat, a grey rat and a rat.

Vanquished Creatures
  5 adders
  2 green rats (Sewer)
  2 giant mites (D:3)
  2 worms (D:2)
  A grey rat (D:3)
  3 giant geckos
  An orc (D:3)
  A ball python (D:2)
  4 giant cockroaches
  5 goblins
  10 hobgoblins
  6 jackals
  A quokka (D:3)
  6 bats
  2 giant newts
  6 kobolds
  9 rats
66 creatures vanquished.

Notes
Turn   | Place    | Note
--------------------------------------------------------------
     0 | D:1      | LostMyPasswordAgain, the Formicid Fighter, began the quest for the Orb.
     0 | D:1      | Reached XP level 1. HP: 19/19 MP: 0/0
   109 | D:1      | Reached XP level 2. HP: 24/24 MP: 1/1
   582 | D:1      | Reached XP level 3. HP: 29/29 MP: 2/2
  1351 | D:2      | Reached skill level 4 in Maces & Flails
  1351 | D:2      | Reached XP level 4. HP: 27/33 MP: 3/3
  2390 | D:2      | Reached XP level 5. HP: 37/37 MP: 4/4
  2634 | D:3      | Reached skill level 5 in Maces & Flails
  2663 | D:3      | Found a glowing drain.
  2716 | Sewer    | Entered a sewer
  2737 | Sewer    | Slain by a green rat

Action                   |  1- 3 |  4- 6 || total
-------------------------+-------+-------++-------
Melee: Whip              |   108 |   140 ||   248
       Mace              |     3 |       ||     3
 Abil: Dig               |     1 |       ||     1
  Use: Potion            |       |     2 ||     2
